Pick #1

Connor Bedard
Pick #2

Leo Carlsson
Pick #3

Adam Fantilli
Pick #4

Matvei Michkov
Pick #5

David Reinbacher
Pick #6

William Smith
Pick #7

Zachary Benson
Pick #8

Ryan Leonard
Pick #9

Gabriel Perreault
Pick #10

Axel Sandin-Pellika
Pick #11

Daniil But
Pick #12

Dalibor Dvorsky
Pick #13

Quentin Musty
Pick #14

Brayden Yager
Pick #15

Dmitry Simashev
Pick #16

Colby Barlow
Pick #17

Andrew Cristall
Pick #18

Easton Cowan
Pick #19

Jacob Fowler
Pick #20

Oliver Moore
Pick #21

Oliver Bonk
Pick #22

Tom Willander
Pick #23

Calum Ritchie
Pick #24

Tanner Molendyk
Pick #25

Gavin Brindley
Pick #26

Nate Danielson
Pick #27

Pick #28

Pick #29

Pick #30

Pick #31

Pick #32

Pick #33

Pick #34

Pick #35

Pick #36

Pick #37

Pick #38

Pick #39

Pick #40

Pick #41

Pick #42

Pick #43

Pick #44

Pick #45

Pick #46

Pick #47

Pick #48

Pick #49

Pick #50

Pick #51

Pick #52

Pick #53

Pick #54

Pick #55

Pick #56

Pick #57

Pick #58

Pick #59

Pick #60

Pick #61

Pick #62

Pick #63

Pick #64

Pick #65

Pick #66

Pick #67

Pick #68

Pick #69

Pick #70

Pick #71

Pick #72

Pick #73

Pick #74

Pick #75

Pick #76

Pick #77

Pick #78

Pick #79

Pick #80

Pick #81

Pick #82

Pick #83

Pick #84

Pick #85

Pick #86

Pick #87

Pick #88

Pick #89

Pick #90

Pick #91

Pick #92

Pick #93

Pick #94

Pick #95

Pick #96

Pick #97

Pick #98

Pick #99

Pick #100

Pick #101

Pick #102

Pick #103

Pick #104

Pick #105

Pick #106

Pick #107

Pick #108

Pick #109

Pick #110

Pick #111

Pick #112

Pick #113

Pick #114

Pick #115

Pick #116

Pick #117

Pick #118

Pick #119

Pick #120

Pick #121

Pick #122

Pick #123

Pick #124

Pick #125

Pick #126

Pick #127

Pick #128

Pick #129

Pick #130

Full Scoreboard »»

Flames vs Predators

Created - October 15, 2023 at 20:53

Goals
1 2 3 OT1 T
Flames 0 1 3 0 4
Predators 1 2 1 1 5
Shots
1 2 3 OT1 T
Flames 8 9 12 2 31
Predators 10 13 10 2 35

GoalsPenalties
1st period
1. Predators , Lucas Raymond 2 (Roman Josi 2, Tage Thompson 2) at 10:03
Sean Kuraly (CGY) for Roughing (Minor) at 1:46
Jesperi Kotkaniemi (NSH) for Hooking (Minor) at 10:10
Sean Kuraly (CGY) for Hooking (Minor) at 17:35
2nd period
2. Flames , Alex DeBrincat 1 (Steven Stamkos 2) at 0:04
3. Predators , Alex Tuch 3 (Kyle Connor 1, Bo Horvat 2) at 11:56
4. Predators , Kyle Connor 1 (Bo Horvat 3, Alex Tuch 1) at 19:44
Brandon Carlo (NSH) for Interference (Minor) at 15:59
3rd period
5. Flames , Steven Stamkos 2 (Sebastian Aho 4) at 0:18
6. Flames , Kirill Kaprizov 2 (Jordan Eberle 1) at 10:44
7. Flames , Jordan Kyrou 2 (Erik Gudbranson 1, Sean Kuraly 1) at 17:20
8. Predators , Taylor Hall 2 (Nikita Zadorov 1, Darnell Nurse 5) at 19:31 (PP)
Erik Gudbranson (CGY) for Diving (Minor) at 14:13
Ryan Lindgren (CGY) for Interference (Minor) at 17:43
Overtime #1
9. Predators , Kyle Connor 2 (Bo Horvat 4, Darnell Nurse 6) at 3:24
No Penalty
Goalie Stats
Antti Raanta (CGY), 30 saves from 35 shots - (0.857), OTL, 0-0-1, 63:25 minutes
Ilya Sorokin (NSH), 27 saves from 31 shots - (0.871), W, 3-0-0, 62:55 minutes
3 StarsOfficial
1 - Kyle Connor (NSH)
2 - Bo Horvat (NSH)
3 - Steven Stamkos (CGY)
Referees : Mike Campbell and Peter MacDougall
Linesman : Kyle Larson and Ryan Gibbons
Game Note
Josh Morrissey is injured at 8:34 of 1st period (Bruised Right Arm)
Thomas Chabot is injured at 11:27 of 1st period (Bruised Right Shoulder)
Finance
Level 1 -- Attendance: 5950 (91.54%) -- Ticket Income $714,000
Level 2 -- Attendance: 4534 (90.68%) -- Ticket Income $435,264
Level 3 -- Attendance: 2470 (70.57%) -- Ticket Income $197,600
Level 4 -- Attendance: 1113 (100.00%) -- Ticket Income $77,910
Luxury Box -- Attendance: 903 (90.30%) -- Ticket Income $203,175
Game was played at the Bridgestone Arena.
Total Attendance: 14970 (87.48%)
Total Ticket Income: $1,627,949
Other Income: $406,987
Total Income: $2,034,936



Team Name Goals Shots Shots Attemp Shots Blocked PIM HIT PP PK FO%
Flames 43162128250 / 2 (0%)152%
Predators 5356464161 / 4 (25%)048%

Flames
Player Name POS G A P +/- PIM HIT SHT SB MP PP MP PP SHT PK MP PK SHT FO% FOT
Adam LarssonD000-1050225:213:1005:1600% 0
Alex DeBrincatRW1011016019:110:0002:2200% 2
Blake LizotteC000000004:550:0003:14050% 6
Erik GudbransonD0111250123:210:4803:0200% 0
Esa LindellD0000021125:431:0603:2700% 0
Jakub VranaLW0000001015:462:1400:0000% 0
John TavaresC000-1020123:122:5204:34063% 19
Jordan EberleRW0110012014:500:0000:0000% 1
Jordan KyrouC1010003115:462:1410:00067% 3
Josh MorrisseyD000000003:280:0001:1900% 0
Kirill KaprizovLW1010009022:091:4410:00050% 4
Kirill MarchenkoRW000001005:202:1400:0000% 2
Libor HajekD000-1040117:520:0001:1000% 0
Pierre-Edouard BellemareLW000000003:110:0003:11050% 2
Ryan LindgrenD0002211323:050:0001:1600% 0
Sean KuralyC0110412115:390:0002:09044% 18
Sebastian AhoC0111023123:111:4410:00043% 7
Steven StamkosC1120003020:261:4400:00059% 34
Predators
Player Name POS G A P +/- PIM HIT SHT SB MP PP MP PP SHT PK MP PK SHT FO% FOT
Alex TuchRW112-2005024:524:1902:2600% 2
Bo HorvatC033-1037024:324:1900:30037% 35
Brandon CarloD000-1230219:583:0000:3000% 0
Cal ClutterbuckRW000000005:540:0000:3600% 0
Colton SissonsC000002007:220:0002:04046% 13
Darnell NurseD022-2020228:143:3501:5100% 0
Gabriel VilardiRW0001000018:473:2600:000100% 1
J.T. CompherLW0000000010:270:0000:5600% 0
Jake McCabeD0001010020:290:0001:0000% 0
Jesperi KotkaniemiC000021009:300:0000:00064% 11
Kyle ConnorLW213-1007024:024:1910:00050% 2
Lucas RaymondLW1011004015:210:0000:0000% 0
Nikita ZadorovD0111030020:353:3502:0200% 0
Roman JosiD011-1002029:254:1021:4400% 0
Tage ThompsonC0111015020:363:2600:00053% 32
Taylor HallLW1010004012:573:2610:000100% 1
Thomas ChabotD000100014:431:1000:4900% 0
Yakov TreninC000000118:310:0001:240100% 1



Play-by-Play

1st period


0:01 of 1st period - Steven Stamkos wins face-off versus Bo Horvat in neutral zone.
0:34 of 1st period - Shot by Alex DeBrincat.
0:34 of 1st period - Stopped by Ilya Sorokin without a rebound.
0:35 of 1st period - Gabriel Vilardi wins face-off versus John Tavares in Predators zone.
0:50 of 1st period - Shot by Lucas Raymond.
0:50 of 1st period - Shot Misses the Net.
1:02 of 1st period - Shot by Lucas Raymond.
1:02 of 1st period - Shot Misses the Net.
1:27 of 1st period - Icing by Brandon Carlo.
1:28 of 1st period - Tage Thompson wins face-off versus Sean Kuraly in Predators zone.
1:46 of 1st period - Minor Penalty to Sean Kuraly for Roughing.
1:47 of 1st period - Kyle Connor wins face-off versus Blake Lizotte in Flames zone.
2:32 of 1st period - Shot by Roman Josi.
2:32 of 1st period - Shot Misses the Net.
2:34 of 1st period - Shot by Roman Josi.
2:34 of 1st period - Stopped by Antti Raanta without a rebound.
2:35 of 1st period - Tage Thompson wins face-off versus Alex DeBrincat in Flames zone.
3:54 of 1st period - Icing by Erik Gudbranson.
3:55 of 1st period - Colton Sissons wins face-off versus Sean Kuraly in Flames zone.
3:55 of 1st period - Colton Sissons is hit by Erik Gudbranson.
4:37 of 1st period - Shot by Jordan Kyrou.
4:37 of 1st period - Shot Misses the Net.
4:44 of 1st period - Icing by Brandon Carlo.
4:45 of 1st period - Sebastian Aho wins face-off versus Colton Sissons in Predators zone.
5:00 of 1st period - Shot by Kirill Marchenko.
5:00 of 1st period - Shot Blocked by Brandon Carlo.
5:02 of 1st period - Shot by Sebastian Aho.
5:02 of 1st period - Deflect By Kirill Kaprizov.
5:02 of 1st period - Stopped by Ilya Sorokin without a rebound.
5:03 of 1st period - Steven Stamkos wins face-off versus Bo Horvat in Predators zone.
5:09 of 1st period - Icing by Roman Josi.
5:10 of 1st period - Bo Horvat wins face-off versus Kirill Kaprizov in Predators zone.
5:10 of 1st period - Bo Horvat is hit by John Tavares.
5:19 of 1st period - Shot by Kyle Connor.
5:19 of 1st period - Deflect By Bo Horvat.
5:19 of 1st period - Shot Misses the Net.
5:25 of 1st period - Shot by Kyle Connor.
5:25 of 1st period - Shot Misses the Net.
5:31 of 1st period - Shot by Alex Tuch.
5:31 of 1st period - Stopped by Antti Raanta without a rebound.
5:32 of 1st period - Jesperi Kotkaniemi wins face-off versus Steven Stamkos in Flames zone.
6:57 of 1st period - Shot by Jordan Eberle.
6:57 of 1st period - Stopped by Ilya Sorokin without a rebound.
6:58 of 1st period - Tage Thompson wins face-off versus Sean Kuraly in Predators zone.
7:13 of 1st period - Shot by Lucas Raymond.
7:13 of 1st period - Stopped by Antti Raanta without a rebound.
7:14 of 1st period - John Tavares wins face-off versus Colton Sissons in Flames zone.
8:23 of 1st period - Shot by Bo Horvat.
8:23 of 1st period - Stopped by Antti Raanta without a rebound.
8:24 of 1st period - Steven Stamkos wins face-off versus Tage Thompson in Flames zone.
8:26 of 1st period - Icing by Josh Morrissey.
8:27 of 1st period - Steven Stamkos wins face-off versus Tage Thompson in Flames zone.
8:33 of 1st period - Josh Morrissey is hit by Darnell Nurse and loses puck.
8:34 of 1st period - Josh Morrissey from Flames is injured at 8:34 of 1st period (Bruised Right Arm).
8:35 of 1st period - Steven Stamkos wins face-off versus Bo Horvat in Predators zone.
10:01 of 1st period - Shot by Roman Josi.
10:01 of 1st period - Shot Blocked by Libor Hajek.
10:03 of 1st period - Shot by Lucas Raymond.
10:03 of 1st period - Goal by Lucas Raymond - Flames : 0 - Predators : 1.
10:04 of 1st period - Jesperi Kotkaniemi wins face-off versus John Tavares in neutral zone.
10:06 of 1st period - Taylor Hall is hit by Adam Larsson and loses puck.
10:10 of 1st period - Minor Penalty to Jesperi Kotkaniemi for Hooking.
10:11 of 1st period - Jordan Kyrou wins face-off versus Colton Sissons in Predators zone.
10:31 of 1st period - Shot by Jordan Kyrou.
10:31 of 1st period - Stopped by Ilya Sorokin without a rebound.
10:32 of 1st period - Colton Sissons wins face-off versus Steven Stamkos in Predators zone.
11:09 of 1st period - Shot by Kirill Kaprizov.
11:09 of 1st period - Stopped by Ilya Sorokin without a rebound.
11:10 of 1st period - Yakov Trenin wins face-off versus Jordan Kyrou in Predators zone.
11:19 of 1st period - Shot by Kirill Marchenko.
11:19 of 1st period - Shot Blocked by Yakov Trenin.
11:25 of 1st period - Shot by Jakub Vrana.
11:25 of 1st period - Shot Misses the Net.
11:27 of 1st period - Shot by Esa Lindell.
11:27 of 1st period - Shot Blocked by Thomas Chabot.
11:27 of 1st period - Thomas Chabot from Predators is injured at 11:27 of 1st period (Bruised Right Shoulder).
11:28 of 1st period - Colton Sissons wins face-off versus Kirill Marchenko in Predators zone.
11:37 of 1st period - Colton Sissons is hit by Kirill Marchenko and loses puck.
12:07 of 1st period - Icing by Jordan Kyrou.
12:08 of 1st period - Colton Sissons wins face-off versus Kirill Marchenko in Flames zone.
12:13 of 1st period - Shot by Tage Thompson.
12:13 of 1st period - Stopped by Antti Raanta without a rebound.
12:14 of 1st period - Steven Stamkos wins face-off versus Tage Thompson in Flames zone.
12:27 of 1st period - Shot by Tage Thompson.
12:27 of 1st period - Stopped by Antti Raanta without a rebound.
12:28 of 1st period - Jesperi Kotkaniemi wins face-off versus Steven Stamkos in Flames zone.
13:06 of 1st period - Off-side.
13:07 of 1st period - Sean Kuraly wins face-off versus Kyle Connor in neutral zone.
13:14 of 1st period - Shot by Jakub Vrana.
13:14 of 1st period - Shot Misses the Net.
13:42 of 1st period - Shot by Alex Tuch.
13:42 of 1st period - Stopped by Antti Raanta with a rebound.
14:03 of 1st period - Ryan Lindgren is hit by Darnell Nurse and loses puck.
14:39 of 1st period - Shot by Kirill Kaprizov.
14:39 of 1st period - Stopped by Ilya Sorokin without a rebound.
14:40 of 1st period - Jesperi Kotkaniemi wins face-off versus Steven Stamkos in Predators zone.
14:42 of 1st period - Icing by Roman Josi.
14:43 of 1st period - Steven Stamkos wins face-off versus Jesperi Kotkaniemi in Predators zone.
14:43 of 1st period - Sebastian Aho is hit by Brandon Carlo and loses puck.
14:53 of 1st period - Icing by Roman Josi.
14:54 of 1st period - John Tavares wins face-off versus Jesperi Kotkaniemi in Predators zone.
14:55 of 1st period - Shot by Kirill Kaprizov.
14:55 of 1st period - Shot Misses the Net.
15:09 of 1st period - Shot by Taylor Hall.
15:09 of 1st period - Stopped by Antti Raanta without a rebound.
15:10 of 1st period - Steven Stamkos wins face-off versus Bo Horvat in Flames zone.
15:44 of 1st period - Shot by Kyle Connor.
15:44 of 1st period - Shot Misses the Net.
15:54 of 1st period - Shot by Alex DeBrincat.
15:54 of 1st period - Stopped by Ilya Sorokin without a rebound.
15:55 of 1st period - Kirill Kaprizov wins face-off versus Tage Thompson in Predators zone.
15:56 of 1st period - Shot by John Tavares.
15:56 of 1st period - Shot Blocked by Brandon Carlo.
16:31 of 1st period - Lucas Raymond is hit by Adam Larsson and loses puck.
17:28 of 1st period - Shot by Taylor Hall.
17:28 of 1st period - Shot Blocked by Sean Kuraly.
17:35 of 1st period - Minor Penalty to Sean Kuraly for Hooking.
17:36 of 1st period - Pierre-Edouard Bellemare wins face-off versus Bo Horvat in Flames zone.
19:01 of 1st period - Icing by Roman Josi.
19:02 of 1st period - John Tavares wins face-off versus Tage Thompson in Predators zone.
19:35 of 1st period - Shot by Bo Horvat.
19:35 of 1st period - Stopped by Antti Raanta without a rebound.
19:36 of 1st period - Colton Sissons wins face-off versus Sebastian Aho in Flames zone.
19:39 of 1st period - Shot by Cal Clutterbuck.
19:39 of 1st period - Shot Misses the Net.
19:52 of 1st period - Sebastian Aho is hit by Jake McCabe and loses puck.
19:57 of 1st period - Shot by Kirill Marchenko.
19:57 of 1st period - Deflect By Kirill Kaprizov.
19:57 of 1st period - Stopped by Ilya Sorokin without a rebound.
19:58 of 1st period - Sean Kuraly wins face-off versus Bo Horvat in Predators zone.
Goals for this period are 0 for Flames vs 1 for Predators.
Shots for this period are 8 for Flames vs 10 for Predators.

2nd period


0:01 of 2nd period - Steven Stamkos wins face-off versus Bo Horvat in neutral zone.
0:04 of 2nd period - Shot by Alex DeBrincat.
0:04 of 2nd period - Goal by Alex DeBrincat - Flames : 1 - Predators : 1.
0:05 of 2nd period - Steven Stamkos wins face-off versus Bo Horvat in neutral zone.
0:12 of 2nd period - Roman Josi is hit by Alex DeBrincat and loses puck.
0:19 of 2nd period - Shot by Steven Stamkos.
0:19 of 2nd period - Shot Misses the Net.
1:29 of 2nd period - Shot by Kirill Kaprizov.
1:29 of 2nd period - Stopped by Ilya Sorokin without a rebound.
1:30 of 2nd period - Sean Kuraly wins face-off versus Tage Thompson in Predators zone.
1:39 of 2nd period - Shot by Jordan Kyrou.
1:39 of 2nd period - Stopped by Ilya Sorokin without a rebound.
1:40 of 2nd period - Sean Kuraly wins face-off versus Tage Thompson in Predators zone.
1:55 of 2nd period - Off-side.
1:56 of 2nd period - Taylor Hall wins face-off versus Jordan Eberle in neutral zone.
2:01 of 2nd period - Shot by Taylor Hall.
2:01 of 2nd period - Stopped by Antti Raanta without a rebound.
2:02 of 2nd period - Tage Thompson wins face-off versus Steven Stamkos in Flames zone.
2:03 of 2nd period - Shot by Gabriel Vilardi.
2:03 of 2nd period - Shot Blocked by Esa Lindell.
2:22 of 2nd period - Icing by Jake McCabe.
2:23 of 2nd period - John Tavares wins face-off versus Tage Thompson in Predators zone.
2:42 of 2nd period - Shot by Gabriel Vilardi.
2:42 of 2nd period - Shot Blocked by John Tavares.
2:44 of 2nd period - Shot by Lucas Raymond.
2:44 of 2nd period - Shot Misses the Net.
3:19 of 2nd period - Shot by Steven Stamkos.
3:19 of 2nd period - Shot Misses the Net.
3:31 of 2nd period - Shot by Esa Lindell.
3:31 of 2nd period - Stopped by Ilya Sorokin without a rebound.
3:32 of 2nd period - Sean Kuraly wins face-off versus Jesperi Kotkaniemi in Predators zone.
4:00 of 2nd period - Shot by Jordan Kyrou.
4:00 of 2nd period - Shot Blocked by Darnell Nurse.
4:46 of 2nd period - Shot by Kyle Connor.
4:46 of 2nd period - Shot Blocked by Ryan Lindgren.
4:48 of 2nd period - Shot by Bo Horvat.
4:48 of 2nd period - Deflect By Alex Tuch.
4:48 of 2nd period - Shot Misses the Net.
4:50 of 2nd period - Shot by Kyle Connor.
4:50 of 2nd period - Stopped by Antti Raanta without a rebound.
4:51 of 2nd period - John Tavares wins face-off versus Tage Thompson in Flames zone.
5:03 of 2nd period - Shot by Kirill Kaprizov.
5:03 of 2nd period - Stopped by Ilya Sorokin with a rebound.
5:05 of 2nd period - Shot by Jordan Eberle.
5:05 of 2nd period - Shot Misses the Net.
5:07 of 2nd period - Shot by Ryan Lindgren.
5:07 of 2nd period - Stopped by Ilya Sorokin without a rebound.
5:08 of 2nd period - Bo Horvat wins face-off versus Sebastian Aho in Predators zone.
5:28 of 2nd period - Bo Horvat is hit by Adam Larsson and loses puck.
5:41 of 2nd period - Shot by Sebastian Aho.
5:41 of 2nd period - Shot Misses the Net.
6:12 of 2nd period - Icing by Nikita Zadorov.
6:13 of 2nd period - Tage Thompson wins face-off versus Sean Kuraly in Predators zone.
7:04 of 2nd period - Shot by J.T. Compher.
7:04 of 2nd period - Deflect By Jesperi Kotkaniemi.
7:04 of 2nd period - Shot Misses the Net.
7:06 of 2nd period - Shot by J.T. Compher.
7:06 of 2nd period - Shot Blocked by Erik Gudbranson.
7:55 of 2nd period - Shot by Kyle Connor.
7:55 of 2nd period - Shot Misses the Net.
7:57 of 2nd period - Shot by Alex Tuch.
7:57 of 2nd period - Stopped by Antti Raanta without a rebound.
7:58 of 2nd period - Steven Stamkos wins face-off versus Bo Horvat in Flames zone.
7:58 of 2nd period - Steven Stamkos is hit by Bo Horvat.
8:08 of 2nd period - Shot by Steven Stamkos.
8:08 of 2nd period - Shot Misses the Net.
8:13 of 2nd period - Roman Josi is hit by Sebastian Aho and loses puck.
8:33 of 2nd period - Shot by Alex Tuch.
8:33 of 2nd period - Stopped by Antti Raanta without a rebound.
8:34 of 2nd period - Tage Thompson wins face-off versus John Tavares in Flames zone.
8:39 of 2nd period - Shot by Lucas Raymond.
8:39 of 2nd period - Shot Misses the Net.
8:42 of 2nd period - Icing by Adam Larsson.
8:43 of 2nd period - John Tavares wins face-off versus Tage Thompson in Flames zone.
9:21 of 2nd period - John Tavares is hit by Brandon Carlo and loses puck.
9:29 of 2nd period - Icing by Lucas Raymond.
9:30 of 2nd period - Steven Stamkos wins face-off versus Tage Thompson in Predators zone.
9:31 of 2nd period - Shot by Alex DeBrincat.
9:31 of 2nd period - Stopped by Ilya Sorokin without a rebound.
9:32 of 2nd period - Steven Stamkos wins face-off versus Bo Horvat in Predators zone.
9:33 of 2nd period - Shot by Sebastian Aho.
9:33 of 2nd period - Shot Misses the Net.
10:01 of 2nd period - Shot by Bo Horvat.
10:01 of 2nd period - Stopped by Antti Raanta without a rebound.
10:02 of 2nd period - John Tavares wins face-off versus Jesperi Kotkaniemi in Flames zone.
10:04 of 2nd period - Jordan Eberle is hit by Jesperi Kotkaniemi and loses puck.
10:16 of 2nd period - Off-side.
10:17 of 2nd period - Tage Thompson wins face-off versus Sean Kuraly in neutral zone.
10:20 of 2nd period - Shot by Lucas Raymond.
10:20 of 2nd period - Stopped by Antti Raanta without a rebound.
10:21 of 2nd period - Steven Stamkos wins face-off versus Bo Horvat in Flames zone.
10:34 of 2nd period - Shot by Steven Stamkos.
10:34 of 2nd period - Stopped by Ilya Sorokin without a rebound.
10:35 of 2nd period - Tage Thompson wins face-off versus John Tavares in Predators zone.
11:10 of 2nd period - Shot by Gabriel Vilardi.
11:10 of 2nd period - Shot Blocked by Ryan Lindgren.
11:29 of 2nd period - John Tavares is hit by Nikita Zadorov and loses puck.
11:41 of 2nd period - Kyle Connor is hit by Libor Hajek and loses puck.
11:56 of 2nd period - Shot by Alex Tuch.
11:56 of 2nd period - Goal by Alex Tuch - Flames : 1 - Predators : 2.
11:57 of 2nd period - Jesperi Kotkaniemi wins face-off versus Sean Kuraly in neutral zone.
11:59 of 2nd period - J.T. Compher is hit by Erik Gudbranson and loses puck.
12:07 of 2nd period - Taylor Hall is hit by Libor Hajek.
12:31 of 2nd period - Shot by Sean Kuraly.
12:31 of 2nd period - Shot Hit the Post.
12:36 of 2nd period - Darnell Nurse is hit by Sean Kuraly and loses puck.
13:15 of 2nd period - Shot by Kyle Connor.
13:15 of 2nd period - Stopped by Antti Raanta without a rebound.
13:16 of 2nd period - Tage Thompson wins face-off versus Steven Stamkos in Flames zone.
13:19 of 2nd period - Shot by Tage Thompson.
13:19 of 2nd period - Stopped by Antti Raanta without a rebound.
13:20 of 2nd period - Tage Thompson wins face-off versus Steven Stamkos in Flames zone.
13:28 of 2nd period - Icing by Adam Larsson.
13:29 of 2nd period - Bo Horvat wins face-off versus Alex DeBrincat in Flames zone.
13:29 of 2nd period - Alex Tuch is hit by Adam Larsson and loses puck.
13:34 of 2nd period - Shot by Kyle Connor.
13:34 of 2nd period - Stopped by Antti Raanta without a rebound.
13:35 of 2nd period - Bo Horvat wins face-off versus Steven Stamkos in Flames zone.
15:01 of 2nd period - Shot by Lucas Raymond.
15:01 of 2nd period - Stopped by Antti Raanta without a rebound.
15:02 of 2nd period - Colton Sissons wins face-off versus Sean Kuraly in Flames zone.
15:02 of 2nd period - Roman Josi is hit by Esa Lindell and loses puck.
15:28 of 2nd period - Jakub Vrana is hit by Brandon Carlo and loses puck.
15:54 of 2nd period - Shot by Sebastian Aho.
15:54 of 2nd period - Deflect By Steven Stamkos.
15:54 of 2nd period - Shot Misses the Net.
15:59 of 2nd period - Minor Penalty to Brandon Carlo for Interference.
16:00 of 2nd period - Bo Horvat wins face-off versus Steven Stamkos in Predators zone.
16:17 of 2nd period - Shot by Steven Stamkos.
16:17 of 2nd period - Deflect By Sebastian Aho.
16:17 of 2nd period - Stopped by Ilya Sorokin without a rebound.
16:18 of 2nd period - Jordan Kyrou wins face-off versus Colton Sissons in Predators zone.
17:41 of 2nd period - Shot by Sebastian Aho.
17:41 of 2nd period - Shot Misses the Net.
19:26 of 2nd period - Alex Tuch is hit by Libor Hajek.
19:31 of 2nd period - Kyle Connor is hit by Esa Lindell and loses puck.
19:42 of 2nd period - Shot by Bo Horvat.
19:42 of 2nd period - Deflect By Kyle Connor.
19:42 of 2nd period - Shot Misses the Net.
19:44 of 2nd period - Shot by Bo Horvat.
19:44 of 2nd period - Deflect By Kyle Connor.
19:44 of 2nd period - Goal by Kyle Connor - Flames : 1 - Predators : 3.
19:45 of 2nd period - Steven Stamkos wins face-off versus Colton Sissons in neutral zone.
19:50 of 2nd period - Shot by Sebastian Aho.
19:50 of 2nd period - Shot Misses the Net.
19:56 of 2nd period - Shot by Yakov Trenin.
19:56 of 2nd period - Stopped by Antti Raanta without a rebound.
19:57 of 2nd period - Tage Thompson wins face-off versus Steven Stamkos in Flames zone.
Goals for this period are 1 for Flames vs 2 for Predators.
Shots for this period are 9 for Flames vs 13 for Predators.

3rd period


0:01 of 3rd period - Steven Stamkos wins face-off versus Bo Horvat in neutral zone.
0:04 of 3rd period - Shot by Sebastian Aho.
0:04 of 3rd period - Stopped by Ilya Sorokin without a rebound.
0:05 of 3rd period - Steven Stamkos wins face-off versus Bo Horvat in Predators zone.
0:18 of 3rd period - Shot by Steven Stamkos.
0:18 of 3rd period - Goal by Steven Stamkos - Flames : 2 - Predators : 3.
0:19 of 3rd period - John Tavares wins face-off versus Tage Thompson in neutral zone.
1:00 of 3rd period - Shot by Tage Thompson.
1:00 of 3rd period - Stopped by Antti Raanta without a rebound.
1:01 of 3rd period - Bo Horvat wins face-off versus Steven Stamkos in Flames zone.
1:04 of 3rd period - Shot by Bo Horvat.
1:04 of 3rd period - Stopped by Antti Raanta with a rebound.
1:06 of 3rd period - Shot by Bo Horvat.
1:06 of 3rd period - Stopped by Antti Raanta without a rebound.
1:07 of 3rd period - Steven Stamkos wins face-off versus Alex Tuch in Flames zone.
1:07 of 3rd period - Steven Stamkos is hit by Bo Horvat.
1:21 of 3rd period - Bo Horvat is hit by Libor Hajek and loses puck.
1:26 of 3rd period - Shot by Bo Horvat.
1:26 of 3rd period - Shot Blocked by Sebastian Aho.
2:53 of 3rd period - Jesperi Kotkaniemi is hit by Erik Gudbranson.
2:56 of 3rd period - Taylor Hall is hit by Erik Gudbranson and loses puck.
3:26 of 3rd period - Shot by Taylor Hall.
3:26 of 3rd period - Stopped by Antti Raanta without a rebound.
3:27 of 3rd period - John Tavares wins face-off versus Bo Horvat in Flames zone.
3:58 of 3rd period - Kyle Connor is hit by John Tavares and loses puck.
4:39 of 3rd period - Blake Lizotte is hit by Bo Horvat and loses puck.
5:11 of 3rd period - Blake Lizotte is hit by Nikita Zadorov and loses puck.
5:24 of 3rd period - Shot by Kirill Kaprizov.
5:24 of 3rd period - Shot Misses the Net.
5:27 of 3rd period - Icing by Nikita Zadorov.
5:28 of 3rd period - Tage Thompson wins face-off versus John Tavares in Predators zone.
5:28 of 3rd period - Tage Thompson is hit by Jordan Eberle.
6:23 of 3rd period - Shot by Jordan Kyrou.
6:23 of 3rd period - Deflect By Jakub Vrana.
6:23 of 3rd period - Stopped by Ilya Sorokin without a rebound.
6:24 of 3rd period - Jesperi Kotkaniemi wins face-off versus Sebastian Aho in Predators zone.
7:18 of 3rd period - Shot by Sean Kuraly.
7:18 of 3rd period - Shot Misses the Net.
7:20 of 3rd period - Shot by Sean Kuraly.
7:20 of 3rd period - Shot Misses the Net.
7:50 of 3rd period - Shot by Sebastian Aho.
7:50 of 3rd period - Stopped by Ilya Sorokin with a rebound.
7:52 of 3rd period - Shot by Alex DeBrincat.
7:52 of 3rd period - Shot Misses the Net.
7:54 of 3rd period - Shot by Alex DeBrincat.
7:54 of 3rd period - Shot Misses the Net.
8:32 of 3rd period - Shot by Jordan Eberle.
8:32 of 3rd period - Stopped by Ilya Sorokin without a rebound.
8:33 of 3rd period - Sean Kuraly wins face-off versus Bo Horvat in Predators zone.
8:44 of 3rd period - Shot by Jordan Kyrou.
8:44 of 3rd period - Shot Misses the Net.
8:46 of 3rd period - Shot by Sean Kuraly.
8:46 of 3rd period - Stopped by Ilya Sorokin without a rebound.
8:47 of 3rd period - Tage Thompson wins face-off versus John Tavares in Predators zone.
8:54 of 3rd period - Kirill Kaprizov is hit by Tage Thompson and loses puck.
9:05 of 3rd period - Shot by Tage Thompson.
9:05 of 3rd period - Stopped by Antti Raanta without a rebound.
9:06 of 3rd period - Sean Kuraly wins face-off versus Bo Horvat in Flames zone.
9:14 of 3rd period - Off-side.
9:15 of 3rd period - Bo Horvat wins face-off versus Sean Kuraly in neutral zone.
9:22 of 3rd period - Shot by Kyle Connor.
9:22 of 3rd period - Shot Blocked by Jordan Kyrou.
9:35 of 3rd period - Shot by Sean Kuraly.
9:35 of 3rd period - Stopped by Ilya Sorokin without a rebound.
9:36 of 3rd period - Sebastian Aho wins face-off versus Tage Thompson in Predators zone.
10:03 of 3rd period - Shot by Alex DeBrincat.
10:03 of 3rd period - Stopped by Ilya Sorokin without a rebound.
10:04 of 3rd period - John Tavares wins face-off versus Bo Horvat in Predators zone.
10:09 of 3rd period - Shot by Kirill Kaprizov.
10:09 of 3rd period - Shot Misses the Net.
10:20 of 3rd period - Bo Horvat is hit by Ryan Lindgren and loses puck.
10:44 of 3rd period - Shot by Kirill Kaprizov.
10:44 of 3rd period - Goal by Kirill Kaprizov - Flames : 3 - Predators : 3.
10:45 of 3rd period - Tage Thompson wins face-off versus Steven Stamkos in neutral zone.
12:07 of 3rd period - Shot by Sean Kuraly.
12:07 of 3rd period - Deflect By Jordan Kyrou.
12:07 of 3rd period - Shot Misses the Net.
12:15 of 3rd period - Shot by Sean Kuraly.
12:15 of 3rd period - Shot Misses the Net.
12:32 of 3rd period - Icing by Libor Hajek.
12:33 of 3rd period - Bo Horvat wins face-off versus Kirill Kaprizov in Flames zone.
12:56 of 3rd period - Shot by Bo Horvat.
12:56 of 3rd period - Stopped by Antti Raanta with a rebound.
13:21 of 3rd period - Sebastian Aho is hit by Nikita Zadorov and loses puck.
13:24 of 3rd period - Shot by Alex DeBrincat.
13:24 of 3rd period - Stopped by Ilya Sorokin without a rebound.
13:25 of 3rd period - Steven Stamkos wins face-off versus Colton Sissons in Predators zone.
13:41 of 3rd period - Brandon Carlo is hit by Erik Gudbranson and loses puck.
14:13 of 3rd period - Minor Penalty to Erik Gudbranson for Diving.
14:14 of 3rd period - Blake Lizotte wins face-off versus Bo Horvat in Flames zone.
14:27 of 3rd period - Shot by Bo Horvat.
14:27 of 3rd period - Deflect By Kyle Connor.
14:27 of 3rd period - Stopped by Antti Raanta with a rebound.
14:29 of 3rd period - Shot by Roman Josi.
14:29 of 3rd period - Stopped by Antti Raanta without a rebound.
14:30 of 3rd period - Tage Thompson wins face-off versus Pierre-Edouard Bellemare in Flames zone.
14:31 of 3rd period - Shot by Darnell Nurse.
14:31 of 3rd period - Shot Blocked by Adam Larsson.
15:42 of 3rd period - Shot by Roman Josi.
15:42 of 3rd period - Shot Misses the Net.
16:14 of 3rd period - Ryan Lindgren is hit by Colton Sissons.
16:34 of 3rd period - Colton Sissons is hit by Sebastian Aho and loses puck.
16:46 of 3rd period - Steven Stamkos is hit by Colton Sissons and loses puck.
16:54 of 3rd period - Icing by Jake McCabe.
16:55 of 3rd period - Kirill Kaprizov wins face-off versus Colton Sissons in Predators zone.
17:12 of 3rd period - Shot by Kirill Marchenko.
17:12 of 3rd period - Deflect By Kirill Kaprizov.
17:12 of 3rd period - Stopped by Ilya Sorokin without a rebound.
17:13 of 3rd period - Sean Kuraly wins face-off versus Alex Tuch in Predators zone.
17:20 of 3rd period - Shot by Jordan Kyrou.
17:20 of 3rd period - Goal by Jordan Kyrou - Flames : 4 - Predators : 3.
17:21 of 3rd period - John Tavares wins face-off versus Bo Horvat in neutral zone.
17:40 of 3rd period - Shot by Bo Horvat.
17:40 of 3rd period - Deflect By Kyle Connor.
17:40 of 3rd period - Stopped by Antti Raanta without a rebound.
17:41 of 3rd period - Jesperi Kotkaniemi wins face-off versus Sean Kuraly in Flames zone.
17:43 of 3rd period - Minor Penalty to Ryan Lindgren for Interference.
17:44 of 3rd period - Blake Lizotte wins face-off versus Bo Horvat in Flames zone.
18:16 of 3rd period - Icing by Bo Horvat.
18:17 of 3rd period - Bo Horvat wins face-off versus Sean Kuraly in Predators zone.
18:19 of 3rd period - Icing by Alex Tuch.
18:20 of 3rd period - Blake Lizotte wins face-off versus Bo Horvat in Predators zone.
18:28 of 3rd period - Alex Tuch is hit by Adam Larsson and loses puck.
18:38 of 3rd period - Icing by Roman Josi.
18:39 of 3rd period - Bo Horvat wins face-off versus Blake Lizotte in Predators zone.
18:45 of 3rd period - Off-side.
18:46 of 3rd period - Tage Thompson wins face-off versus Blake Lizotte in neutral zone.
19:01 of 3rd period - Predators, Ilya Sorokin is pulled from the net.
19:09 of 3rd period - Shot by Nikita Zadorov.
19:09 of 3rd period - Shot Misses the Net.
19:29 of 3rd period - Shot by Nikita Zadorov.
19:29 of 3rd period - Shot Blocked by Adam Larsson.
19:31 of 3rd period - Shot by Taylor Hall.
19:31 of 3rd period - Goal by Taylor Hall - Flames : 4 - Predators : 4.
19:31 of 3rd period - Ilya Sorokin from Predators was sent back in the game.
19:32 of 3rd period - Bo Horvat wins face-off versus Sebastian Aho in neutral zone.
19:37 of 3rd period - Shot by Kyle Connor.
19:37 of 3rd period - Shot Blocked by Ryan Lindgren.
Goals for this period are 3 for Flames vs 1 for Predators.
Shots for this period are 12 for Flames vs 10 for Predators.

Overtime #1


0:01 of 1st overtime period - Steven Stamkos wins face-off versus Tage Thompson in neutral zone.
0:24 of 1st overtime period - Shot by Steven Stamkos.
0:24 of 1st overtime period - Stopped by Ilya Sorokin without a rebound.
0:25 of 1st overtime period - Tage Thompson wins face-off versus Steven Stamkos in Predators zone.
0:34 of 1st overtime period - Shot by Yakov Trenin.
0:34 of 1st overtime period - Shot Misses the Net.
0:58 of 1st overtime period - Shot by Kirill Kaprizov.
0:58 of 1st overtime period - Stopped by Ilya Sorokin without a rebound.
0:59 of 1st overtime period - Bo Horvat wins face-off versus John Tavares in Predators zone.
1:01 of 1st overtime period - Icing by Darnell Nurse.
1:02 of 1st overtime period - John Tavares wins face-off versus Bo Horvat in Predators zone.
1:05 of 1st overtime period - Shot by Ryan Lindgren.
1:05 of 1st overtime period - Shot Blocked by Darnell Nurse.
1:07 of 1st overtime period - Shot by Sebastian Aho.
1:07 of 1st overtime period - Shot Misses the Net.
1:30 of 1st overtime period - Icing by Darnell Nurse.
1:31 of 1st overtime period - Bo Horvat wins face-off versus Steven Stamkos in Predators zone.
1:38 of 1st overtime period - Shot by Kyle Connor.
1:38 of 1st overtime period - Shot Misses the Net.
1:52 of 1st overtime period - Shot by Kirill Kaprizov.
1:52 of 1st overtime period - Shot Misses the Net.
2:00 of 1st overtime period - Shot by Bo Horvat.
2:00 of 1st overtime period - Stopped by Antti Raanta without a rebound.
2:01 of 1st overtime period - Sebastian Aho wins face-off versus Tage Thompson in Flames zone.
3:24 of 1st overtime period - Shot by Kyle Connor.
3:24 of 1st overtime period - Goal by Kyle Connor - Flames : 4 - Predators : 5.
Goals for this period are 0 for Flames vs 1 for Predators.
Shots for this period are 2 for Flames vs 2 for Predators.